 Dungeon Crawl Stone Soup version 0.23-a0-480-g1869896 (webtiles) character file.

194 rgaf the Chopper (level 5, -1/47 HPs)
             Began as a Hill Orc Fighter on Nov 28, 2018.
             Was a Follower of Beogh.
             Killed by nerve-wracking pain
             ... invoked by an orc priest
              (7 damage)
             ... on level 4 of the Dungeon.
             The game lasted 00:02:04 (3005 turns).

rgaf the Chopper (Hill Orc Fighter)                 Turns: 3005, Time: 00:02:05

Health: -1/47      AC:  9    Str: 19    XL:     5   Next: 73%
Magic:  5/5        EV:  7    Int:  9    God:    Beogh [*.....]
Gold:   159        SH:  9    Dex: 10    Spells: 4/4 levels left

rFire    . . .     SeeInvis .   a - +0 war axe
rCold    . . .     Gourm    .   c - +0 shield
rNeg     . . .     Faith    .   b - +0 scale mail
rPois    .         Spirit   .   (no helmet)
rElec    .         Reflect  .   g - +0 cloak
rCorr    .         Harm     .   j - +0 pair of gloves
MR       .....                  (no boots)
Stlth    ..........             (no amulet)
HPRegen  0.15/turn              (no ring)
MPRegen  0.09/turn              (no ring)

@: no status effects
A: no striking features
a: Renounce Religion


You were on level 4 of the Dungeon.
You worshipped Beogh.
Beogh was aware of your devotion.
You were not hungry.

You visited 1 branch of the dungeon, and saw 4 of its levels.

You collected 159 gold pieces.

Inventory:

Hand Weapons
 a - a +0 war axe (weapon)
Armour
 b - a +0 scale mail (worn)
 c - a +0 shield (worn)
 g - a +0 cloak (worn)
 j - a +0 pair of gloves (worn)
Jewellery
 i - an uncursed ring of wizardry {unknown}
 k - an uncursed ring of protection from fire
 s - an uncursed amulet of guardian spirit {unknown}
 t - an uncursed ring of positive energy {unknown}
 u - a cursed +3 ring of protection {unknown}
Scrolls
 e - a scroll of blinking {unknown}
 h - 8 scrolls of identify {unknown}
 l - 3 scrolls of remove curse {unknown}
 n - 2 scrolls of teleportation {unknown}
 o - a scroll of noise {unknown}
 p - a scroll of fear {unknown}
Potions
 d - a potion of might
 q - a potion of curing {unknown}
 r - a potion of degeneration {unknown}
 v - 2 potions of heal wounds
 w - a potion of mutation {unknown}
Comestibles
 f - 11 rations
 m - 3 chunks of flesh


   Skills:
 + Level 4.8 Fighting
 * Level 5.7 Axes
 + Level 4.4 Armour
 - Level 3.2 Shields


You had 4 spell levels left.
You didn't know any spells.
Your spell library contained the following spells:

 Spells                   Type           Power        Failure   Level  Hunger
 Magic Dart               Conj           #...         99%         1    ##.....
 Sandblast                Erth           #.....       99%         1    ##.....
 Blink                    Tloc           N/A          100%        2    ###....
 Call Imp                 Summ           #.......     100%        2    ###....
 Passwall                 Tmut/Erth      #.......     100%        2    ###....
 Slow                     Hex            #.......     100%        2    ###....
 Conjure Flame            Conj/Fire      #.......     100%        3    ####...
 Mephitic Cloud           Conj/Pois/Air  #.......     100%        3    ####...
 Stone Arrow              Conj/Erth      #.....       100%        3    ####...
 Petrify                  Tmut/Erth      #.......     100%        4    #####..
 Lee's Rapid Deconstruct  Erth           #.........   100%        5    ######.


Dungeon Overview and Level Annotations

Branches:
Dungeon (4/15)
 Temple: D:4-7

Altars:
Cheibriados
Ru
Trog
Uskayaw


Message History

You hear some strange, mumbled words.
A puff of flame appears from out of thin air!
The puff of flame hits you!
You slash the orc priest!
The orc priest is almost dead.
The orc priest invokes the aid of Beogh against you.
Beogh smites you!
* * * LOW HITPOINT WARNING * * *
You are too injured to fight recklessly!
You closely miss the orc priest.
The orc priest is almost dead.
The orc priest hits you with a +0 mace!
* * * LOW HITPOINT WARNING * * *
You are too injured to fight recklessly!
You hit the orc priest but do no damage.
The orc priest is almost dead.
The orc priest invokes the aid of Beogh against you.
Pain shoots through your body!
You die...
Beogh appreciates the orc priest's killing of a heretic priest.

..........>.# #.###
##+#####.###.######.#######
#........# #..............o
#........# ########.#######
#........# #.# #....
##########'###.# #.# #{###
...............# #.# #.#
##.....###.#..###### #.#
#o# ###.............@o{.#
#.# #.#
.......÷.......###..### #.#
#.# ######.#####...# #....#
#.# #.# ........########
####.###.###.###
#######......#
#......o÷{.... #.######## #
##.#####.#.### #........#.#
#.# #.#.... #........#.#
#.# #.#.#.# #.......>..#
#.# #.#.#..


You could see an orc priest.

Vanquished Creatures
  A howler monkey (D:4)
  An iguana (D:4)
  5 adders
  An ooze (D:1)
  3 dart slugs
  3 leopard geckos
  2 orcs
  5 giant cockroaches
  16 goblins
  5 hobgoblins
  9 jackals
  2 quokkas
  A ball python (D:4)
  2 bats
  2 frilled lizards
  4 kobolds
  A quokka skeleton (D:4)
  5 rats
68 creatures vanquished.

Vanquished Creatures (others)
  A hobgoblin (D:3)
1 creature vanquished.

Grand Total: 69 creatures vanquished

Notes
Turn   | Place    | Note
-------+----------+-------------------------------------------
     0 | D:1      | rgaf the Hill Orc Fighter began the quest for the Orb.
     0 | D:1      | Reached XP level 1. HP: 19/19 MP: 1/1
   165 | D:1      | Reached skill level 3 in Axes
   313 | D:1      | Reached XP level 2. HP: 27/27 MP: 2/2
   455 | D:1      | Reached XP level 3. HP: 29/33 MP: 3/3
   897 | D:2      | Reached skill level 4 in Axes
   954 | D:2      | Found a sacrificial altar of Ru.
  1191 | D:2      | Reached XP level 4. HP: 40/40 MP: 4/4
  1571 | D:3      | Became a worshipper of Beogh the Brigand
  1989 | D:3      | Found a snail-covered altar of Cheibriados.
  2284 | D:3      | Reached skill level 5 in Axes
  2419 | D:3      | Reached XP level 5. HP: 45/47 MP: 5/5
  2604 | D:3      | Found a bloodstained altar of Trog.
  2604 | D:3      | Found a hide-covered altar of Uskayaw.
  2842 | D:4      | Reached * piety under Beogh
  3005 | D:4      | Killed from afar by an orc priest

Vault maps used:
D:1:      nagdon_arrival_zigzag_paths, minmay_cupped
D:2:      lemuel_doored_altar
D:3:      kennysheep_goblin_castle, kennysheep_slug_shrine,
          gammafunk_temple_overflow_elements
D:4:      kennysheep_mini, nicolae_gozag_seed_capital, makhleb_altar_promises_db

Skill      XL: |  1  2  3  4 |
---------------+-------------+-----
Axes           | 3 4 5 |  5.7
Fighting       | 4 |  4.8
Armour         | 4 |  4.4
Shields        | |  3.2

Action                   |  1- 3 |  4- 6 || total
-------------------------+-------+-------++-------
Melee: War axe           |    85 |   112 ||   197
Invok: Convert to Beogh  |       |     1 ||     1
  Use: Potion            |       |     2 ||     2
  Eat: Chunk             |     1 |     6 ||     7
Armor: Scale mail        |    49 |    62 ||   111
Dodge: Dodged            |    29 |    31 ||    60
Block: Shield            |    38 |    62 ||   100

Table legend:
 A = Non-vault XP
 B = Vault XP
 C = Vault XP percentage of total XP
 D = Non-vault monster count
 E = Vault monster count
 F = Vault count percentage of total count
                 A         B        C        D         E       F
            +---------+---------+-------+---------+---------+-------
      Total |     232 |      46 |  16.5 |      51 |      17 |  25.0
            +---------+---------+-------+---------+---------+-------
        D:1 |      33 |       9 |  21.4 |      17 |       4 |  19.0
        D:2 |      45 |       0 |   0.0 |      16 |       0 |   0.0
        D:3 |      52 |      37 |  41.6 |      10 |      13 |  56.5
        D:4 |     102 |       0 |   0.0 |       8 |       0 |   0.0
            +---------+---------+-------+---------+---------+-------
